 Dungeon Crawl Stone Soup version 0.26.1-2-gb8aa6d0cf2 (webtiles) character file.

Game seed: 14062350556491927420

95 nightchill the Skirmisher (level 4, 0/37 HPs)
             Began as a Formicid Fighter on Feb 11, 2021.
             Slain by an orc wizard
             ... wielding a cursed -1 dagger
              (1 damage)
             ... on level 2 of the Dungeon.
             The game lasted 00:02:17 (1804 turns).

nightchill the Skirmisher (Formicid Fighter)        Turns: 1804, Time: 00:02:17

Health: 0/37       AC:  6    Str: 21    XL:     4   Next: 95%
Magic:  4/4        EV:  7    Int:  8    God:
Gold:   83         SH:  9    Dex: 10    Spells: 3/3 levels left

rFire    . . .     SeeInvis +   a - +0 long sword
rCold    . . .     Faith    .   c - +0 kite shield
rNeg     . . .     Spirit   .   b - +0 scale mail
rPois    .         Reflect  .   (helmet unavailable)
rElec    .         Harm     .   (no cloak)
rCorr    .         Rampage  .   (no gloves)
Will     .....                  (no boots)
Stlth    ..........             (no amulet)
HPRegen  0.12/turn              (no ring)
MPRegen  0.09/turn              (no ring)

@: no status effects
A: permanent stasis, dig shafts and tunnels, four strong arms, antennae 3
a: Dig, Shaft Self


You were on level 2 of the Dungeon.
You visited 1 branch of the dungeon, and saw 2 of its levels.

You collected 83 gold pieces.

Inventory:

Hand Weapons
 a - a +0 long sword (weapon)
Armour
 b - a +0 scale mail (worn)
 c - a +0 kite shield (worn)
Jewellery
 o - an uncursed ring of stealth {unknown}
Wands
 q - a wand of polymorph (9)
Scrolls
 e - 4 scrolls of remove curse {unknown}
 h - 2 scrolls of fog {unknown}
 i - 3 scrolls of identify {unknown}
 l - a scroll of blinking {unknown}
 m - 2 scrolls of amnesia {unknown}
 p - a scroll of enchant weapon {unknown}
Potions
 d - a potion of might
 f - a potion of haste
 g - a potion of ambrosia {unknown}
 j - a potion of flight {unknown}
 k - a potion of curing {unknown}
 n - a potion of berserk rage {unknown}


   Skills:
 + Level 4.2 Fighting
 * Level 4.0 Long Blades
 - Level 3.2 Armour
 - Level 3.6 Shields


You had 3 spell levels left.
You didn't know any spells.
Your spell library was empty.

Dungeon Overview and Level Annotations

Branches:
Dungeon (2/15)

Altars:


Innate Abilities, Weirdness & Mutations

You cannot be hasted, slowed, berserked, paralysed or teleported.
You can dig through walls and to a lower floor.
Your four strong arms can wield two-handed weapons with a shield.
You have a pair of large antennae on your head. (SInv)


Message History

The orc priest shouts!
You hear a shout!
The orc priest invokes the aid of Beogh against you.
Beogh smites you!
You hit the orc priest but do no damage.
The orc priest invokes the aid of Beogh against you.
Beogh smites you!
You hit the orc priest.
The orc priest is moderately wounded.
The orc priest mumbles some strange prayers to Beogh against you.
Pain shoots through your body!
* * * LOW HITPOINT WARNING * * *
The orc wizard gestures wildly while chanting.
The orc wizard seems to speed up.
The orc priest mumbles some strange prayers to Beogh against you.
You barely resist. You closely miss the orc priest.
The orc priest is moderately wounded.
You block the orc priest's attack.
The orc wizard hits you with a cursed -1 dagger.
You die...

#.# ... #. .###.# o{ . #)
.......o { #.
#.##[##.#.###{
.#....##.....
...#.##.#.### #####
#..........### #....
#.oo##.#...... #....
#..@##.# ..### #....
#...##.#...# #....
#...)......#####....
##..###.............. #
#.........#.#####.... #.
###.###.#........###.
#.#..##..###.#.#...##.# #.
...............#....#.#
#รท
..#..##.######.#......###.


You could see an orc priest and an orc wizard (fast).

Vanquished Creatures
  An orc priest (D:2)
  Natasha (D:2)
  An ooze (D:2)
  A dart slug (D:1)
  A leopard gecko (D:1)
  3 bats (D:1)
  2 giant cockroaches (D:2)
  5 goblins (D:1)
  8 hobgoblins
  2 kobolds (D:1)
  A quokka (D:2)
  3 frilled lizards (D:1)
  4 rats
33 creatures vanquished.

Notes
Turn   | Place    | Note
-------+----------+-------------------------------------------
     0 | D:1      | nightchill the Formicid Fighter began the quest for the
                  | Orb.
     0 | D:1      | Reached XP level 1. HP: 18/18 MP: 1/1
   138 | D:1      | Reached XP level 2. HP: 19/24 MP: 2/2
   565 | D:1      | Reached XP level 3. HP: 26/30 MP: 3/3
  1186 | D:2      | Noticed Natasha
  1201 | D:2      | Killed Natasha
  1202 | D:2      | Reached XP level 4. HP: 4/37 MP: 4/4
  1803 | D:2      | HP: 1/37 [orc priest/nerve-wracking pain (13)]
  1804 | D:2      | Slain by an orc wizard

Illustrated notes

Levels and vault maps discovered:
D:1:      roderic_crop_circles_arrival_small, layout_basic, minmay_tetromino_o2
D:2:      layout_basic, st_stairs_6, kennysheep_jessica_study, uniq_natasha

Skill      XL: |  1  2  3  4 |
---------------+-------------+-----
Long Blades    | 3 4 |  4.0
Fighting       | 4 |  4.2
Armour         | |  3.2
Shields        | |  3.6

Action                   |  1- 3 |  4- 6 || total
-------------------------+-------+-------++-------
Melee: Long sword        |    89 |    12 ||   101
Armor: Scale mail        |    30 |     3 ||    33
Dodge: Dodged            |    34 |     2 ||    36
Block: Kite shield       |    53 |     3 ||    56
       Rpst.: Long sword |    11 |       ||    11
